 Dungeon Crawl Stone Soup version 0.28.0 (webtiles) character file.

Game seed: 1157870735412925978

11 spaghetti the Sneak (level 2, -5/21 HPs)
             Began as an Octopode Delver on Feb 18, 2022.
             Slain by an ogre (26 damage)
             ... on level 4 of the Dungeon.
             The game lasted 00:00:33 (355 turns).

spaghetti the Sneak (Octopode Delver)                Turns: 355, Time: 00:00:34

Health: -5/21      AC:  1    Str: 11    XL:     2   Next: 29%
Magic:  2/2        EV: 13    Int: 12    God:
Gold:   19         SH:  0    Dex: 13    Spells: 1/1 levels left

rFire   . . .      SeeInvis .     - Unarmed
rCold   . . .      Faith    .   (no shield)
rNeg    . . .      Spirit   .   (helmet restricted)
rPois   .          Reflect  .   (no amulet)
rElec   .          Harm     .   (no ring)
rCorr   .          Rampage  .   (no ring)
Will    .....                   (no ring)
Stlth   ++++......              (no ring)
HPRegen 0.07/turn               (no ring)
MPRegen 0.08/turn               (no ring)
                                (no ring)
                                (no ring)

@: no status effects
A: almost no armour, amphibious, 8 rings, camouflage 1, gelatinous body 1,
(nimble swimmer 1), tentacles
a: no special abilities


You were on level 4 of the Dungeon.
You visited 1 branch of the dungeon, and saw 2 of its levels.

You collected 19 gold pieces.

Inventory:

Wands
 e - a wand of digging (3)
Scrolls
 a - a scroll of fog
 b - a scroll of magic mapping
 c - a scroll of fear
 f - a scroll of identify {unknown}
Potions
 d - a potion of haste


   Skills:
 - Level 3.0 Fighting
 - Level 2.0 Dodging
 - Level 6.6 Stealth
 + Level 2.9 Unarmed Combat


You had one spell level left.
You didn't know any spells.
Your spell library was empty.

Dungeon Overview and Level Annotations

Branches:
Dungeon (5/15)
 Temple: D:4-7

Altars:

Shops:
D:5 :


Innate Abilities, Weirdness & Mutations

You cannot wear most types of armour.
You are amphibious.
You can wear up to eight rings at the same time.
Your skin changes colour to match your surroundings (Stealth+).
Your rubbery body absorbs attacks. (AC +1, EV +1)
((You are camouflaged when in or above water. (Stealth+)))
You have tentacles for arms and can constrict up to eight enemies at once.


Message History

The orc barely misses you.
You tentacle-slap the orc.
You kill the orc!
Things that are here:
a +0 hand axe; a +0 chain mail
Things that are here:
a +0 hand axe; a +0 chain mail An adder comes into view.
The helpless adder fails to defend itself.
You tentacle-slap the adder. Your grab misses the adder.
The adder is lightly wounded.
The adder bites you.
You miss the adder. You grab the adder.
The adder is lightly wounded.
You constrict the adder. The adder closely misses you. x2
You tentacle-slap the adder.
The adder is heavily wounded.
You constrict the adder. The adder barely misses you.
You tentacle-slap the adder. Your squeeze misses the adder.
The adder is almost dead.
You constrict the adder. The adder closely misses you.
You tentacle-slap the adder.
You kill the adder!
You have reached level 2!
You start resting.
HP restored.
You see here an adder corpse.
An ogre comes into view. It is wielding a +0 giant club.
An ogre is nearby!
Okay, then.
Okay, then.
The helpless ogre fails to defend itself.
You tentacle-slap the ogre.
The ogre is lightly wounded.
The ogre closely misses you.
You barely miss the ogre. You squeeze the ogre.
The ogre is moderately wounded.
The ogre hits you with a +0 giant club!!
Ouch! That really hurt!
You die...

# ###.#
###....#
##.@O# #..###
###..#
#..##....#
#.......##
#######..####
#.....#.# ..#
##......# ..#
#.###...#


You could see an ogre.

Vanquished Creatures
  An adder (D:4)
  An orc (D:4)
2 creatures vanquished.

Notes
Turn   | Place    | Note
-------+----------+-------------------------------------------
     0 | D:5      | spaghetti the Octopode Delver began the quest for the Orb.
     0 | D:5      | Reached XP level 1. HP: 16/16 MP: 1/1
    12 | D:5      | Found Vailu's Book Boutique.
   279 | D:4      | Reached XP level 2. HP: 16/21 MP: 2/2
   352 | D:4      | Noticed an ogre
   355 | D:4      | Slain by an ogre

Illustrated notes

Levels and vault maps discovered:
D:4:      layout_layer_cave, mainiacjoe_overflow_catwalk,
          minmay_temple_entry_butterflies, uniq_menkaure, uniq_duvessa
D:5:      layout_cave_pools, nzn_hepliaklqana_mist_gate, minitemple,
          chequers_serial_rivers_micro_e, grunt_ministairs_2,
          hangedman_decor_points, nicolae_take_the_stairs, uniq_ijyb

Action                   || total
-------------------------++-------
Melee: Unarmed           ||    10
       Constrict         ||     2
       Tentacles         ||     2
 Stab: Sleeping          ||     2
Dodge: Dodged            ||     7
